 Dungeon Crawl Stone Soup version 0.32-a0-656-g3542139ebd (webtiles) character file.

Game seed: 17416794357188947820

41 gimp the Chopper (level 3, -2/31 HPs)
             Began as a Ghoul Gladiator on Mar 8, 2024.
             Slain by a ribbon worm (8 damage)
             ... on level 2 of the Dungeon.
             The game lasted 00:01:26 (910 turns).

gimp the Chopper (Ghoul Gladiator)                   Turns: 910, Time: 00:01:26

Health: -2/31      AC:  4    Str: 19    XL:     3   Next: 52%
Magic:  3/3        EV: 12    Int:  7    God:
Gold:   60         SH:  0    Dex: 16    Spells: 2/2 levels left

rFire   . . .        a - +0 war axe
rCold   + . .        (no shield)
rNeg    + + +        b - +0 leather armour
rPois   ∞            c - +0 helmet
rElec   .            (no cloak)
rCorr   .            (no gloves)
SInv    .            (no boots)
Will    .....        (no amulet)
Stlth   +            l - +6 ring of dexterity
HPRegen 0.00/turn    (no ring)
MPRegen 0.08/turn

%: no passive effects
@: inhibited regen
A: claws 1, cold resistance 1, negative energy resistance 3, inhibited
regeneration, torment resistance 2, devour on kill
a: no special abilities


You were on level 2 of the Dungeon.
You visited 1 branch of the dungeon, and saw 2 of its levels.

You collected 60 gold pieces.

Inventory:

Hand Weapons
 a - a +0 war axe (weapon)
 i - a +1 whip of freezing
Missiles
 d - 3 throwing nets
 e - a javelin
Armour
 b - a +0 leather armour (worn)
 c - a +0 helmet (worn)
Jewellery
 l - a +6 ring of dexterity (left claw)
Scrolls
 f - 4 scrolls of identify {unknown}
 g - a scroll of fog {unknown}
 h - 3 scrolls of enchant weapon {unknown}
 k - a scroll of fear {unknown}
Potions
 j - 2 potions of curing {unknown}


   Skills:
 + Level 3.0 Fighting
 * Level 3.6 Axes
 - Level 1.7 Throwing
 - Level 2.6 Dodging


You had 2 spell levels left.
You didn't know any spells.
Your spell library was empty.

Dungeon Overview and Level Annotations

Branches:
Dungeon (2/15)

Altars:


Innate Abilities, Weirdness & Mutations

You are immune to poison.
You have sharp fingernails.
Your flesh is cold resistant. (rC+)
You are immune to negative energy. (rN+++)
You do not regenerate when monsters are visible.
You are immune to unholy pain and torment.
You thrive by killing the living.


Message History

Found a stone staircase leading down.
A giant cockroach comes into view.
A giant cockroach is nearby!
The giant cockroach closely misses you.
You slash the giant cockroach!
You kill the giant cockroach!
No target in view!
No target in view!
Found a robe.
A hobgoblin comes into view.
The hobgoblin shouts!
A hobgoblin is nearby!
You barely miss the hobgoblin. The hobgoblin closely misses you. x2
You hit the hobgoblin.
The hobgoblin is heavily wounded.
The hobgoblin barely misses you.
You barely miss the hobgoblin.
The hobgoblin is heavily wounded.
The hobgoblin barely misses you.
You closely miss the hobgoblin.
The hobgoblin is heavily wounded.
The hobgoblin barely misses you.
The hobgoblin hits you but does no damage.
You slash the hobgoblin!
You kill the hobgoblin!
No target in view!
No target in view!
No target in view!
No target in view!
No target in view!
j - 2 fizzy ruby potions (gained 1)
You see here a +0 robe.
l - a +6 ring of dexterity An adder comes into view.
The adder hisses angrily.
You feel agile.
l - a +6 ring of dexterity (left claw)
You miss the adder. The adder bites you but does no damage.
You slash the adder!
The adder is severely wounded.
The adder bites you. The adder bites you but does no damage.
You take 3 damage, and have 27/30 hp.
You barely miss the adder.
The adder is severely wounded.
The adder closely misses you. The adder completely misses you.
You hit the adder.
You kill the adder!
You feel better.
Your Fighting skill increases to level 3!
You regained 3 hp, and now have 30/31 hp.
No target in view!
No target in view!
HP restored.
A ribbon worm comes into view.
The ribbon worm moves out of view.
Health restored: 31 A ribbon worm is nearby!
The ribbon worm expels a string of sticky webbing.
The stream of webbing misses you.
You slash the ribbon worm!
The ribbon worm is severely wounded.
The ribbon worm closely misses you.
You barely miss the ribbon worm.
The ribbon worm is severely wounded.
The ribbon worm bites you.
You take 3 damage, and have 28/31 hp.
You barely miss the ribbon worm.
The ribbon worm is heavily wounded.
The ribbon worm barely misses you.
You hit the ribbon worm.
The ribbon worm is severely wounded.
The ribbon worm bites you!
You take 7 damage, and have 21/31 hp.
MASSIVE DAMAGE!!
You barely miss the ribbon worm.
The ribbon worm is severely wounded.
The ribbon worm expels a string of sticky webbing.
The stream of webbing misses you.
You hit the ribbon worm.
The ribbon worm is severely wounded.
The ribbon worm expels a string of sticky webbing.
The stream of webbing hits you but does no damage.
You are caught in a web!
You are caught in a web!
You are caught in a web!
You are caught in a web!
You are caught in a web!
A ribbon worm is nearby!
You struggle to detach yourself from the web.
The ribbon worm bites you.
You take 6 damage, and have 15/31 hp.
You struggle to detach yourself from the web.
The ribbon worm bites you.
You take 5 damage, and have 10/31 hp.
The web tears apart.
The ribbon worm bites you.
* * * LOW HITPOINT WARNING * * *
You take 4 damage, and have 6/31 hp.
You slash the ribbon worm!
The ribbon worm is almost dead.
The ribbon worm bites you!
You die...

#..##.<...## #.......###.
#.. ##....# ####....##.#
#. .....########....#.## #
......................
.##..###.....#.#..##.## ..
#..........#.#..###.#
.......# #...†......# ##.
.......####.....#.##.#####
......w@..#####.##......
.....###### #......... ...
########## .


You could see a ribbon worm (catching breath).

Vanquished Creatures
  An adder (D:2)
  A dart slug (D:1)
  2 bats (D:1)
  An endoplasm (D:1)
  3 giant cockroaches
  4 hobgoblins
  2 quokkas (D:1)
  4 ball pythons (D:1)
  3 frilled lizards
  4 goblins (D:1)
  3 rats (D:1)
28 creatures vanquished.

Notes
Turn   | Place    | Note
-------+----------+-------------------------------------------
     0 | D:1      | gimp the Ghoul Gladiator began the quest for the Orb.
     0 | D:1      | Reached XP level 1. HP: 17/17 MP: 1/1
   224 | D:1      | Reached XP level 2. HP: 25/25 MP: 2/2
   503 | D:1      | Reached XP level 3. HP: 30/30 MP: 3/3
   910 | D:2      | Slain by a ribbon worm

Illustrated notes

Levels and vault maps discovered:
D:1:      elethiomel_arrival_fortress_basement, layout_basic,
          chequers_serial_rivers_micro_a, st_stairs_13
D:2:      layout_loops_ring

Skill      XL: |  1  2  3 |
---------------+----------+-----
Axes           | 3 |  3.6
Fighting       | 3 |  3.0
Throwing       | |  1.7
Dodging        | |  2.6

Action                     || total
---------------------------++-------
  Melee: War axe           ||    73
 Armour: Leather armour    ||    55
  Dodge: Dodged            ||    55

Table legend: (Time is in decaauts)
 A = Elapsed time spent in this place.
 B = Non-inter-level travel time spent in this place.
 C = Inter-level travel time spent in this place.
 D = Time resting spent in this place.
 E = Time spent auto-exploring this place.
 F = Levels seen in this place.
 G = Mean time per level.
                   A        B        C        D        E       F      G
               +--------+--------+--------+--------+--------+-----+--------+
         Total |    934 |    923 |     11 |      0 |    705 |   2 |  467.0 |
       Dungeon |    934 |    923 |     11 |      0 |    705 |   2 |  467.0 |
               +--------+--------+--------+--------+--------+-----+--------+

Top non-repeatable levels by time:
     D:1: 813 daAuts
     D:2: 120 daAuts
